 Dungeon Crawl Stone Soup version 0.31.0-9-g3a7656b989 (webtiles) character file.

Game seed: 67642975004313330

47 qw the Shooter (level 3, -1/18 HPs)
             Began as a Spriggan Hunter on Feb 2, 2024.
             Slain by Natasha (6 damage)
             ... on level 2 of the Dungeon.
             The game lasted 00:00:04 (1059 turns).

qw the Shooter (Spriggan Hunter)                    Turns: 1059, Time: 00:00:04

Health: -1/18      AC:  2    Str: 13    XL:     3   Next: 48%
Magic:  4/4        EV: 19    Int: 10    God:
Gold:   115        SH:  0    Dex: 20    Spells: 2/2 levels left

rFire   . . .        a - +0 shortbow
rCold   . . .        (shield currently unavailable)
rNeg    . . .        c - +0 robe
rPois   .            (helmet restricted)
rElec   .            (no cloak)
rCorr   .            (gloves unavailable)
SInv    +            (boots unavailable)
Will    .....        (no amulet)
Stlth   ++           e - +6 ring of strength
HPRegen 0.23/turn    (no ring)
MPRegen 0.09/turn

%: no passive effects
@: very quick
A: very small, no large weapons, unfitting armour, see invisible, speed 3
a: no special abilities


You were on level 2 of the Dungeon.
You visited 1 branch of the dungeon, and saw 2 of its levels.

You collected 115 gold pieces.


Innate Abilities, Weirdness & Mutations

You are very small and have problems with some larger weapons.
You are too small for most types of armour.
You have supernaturally acute eyesight. (SInv)
You cover ground extremely quickly. (Speed+++)


   Skills:
 - Level 1.5 Fighting
 + Level 4.8 Ranged Weapons
 - Level 4.0 Dodging
 - Level 1.5 Stealth


You had 2 spell levels left.
You didn't know any spells.
Your spell library was empty.

Inventory:

Hand Weapons
 a - a +0 shortbow (weapon)
Armour
 c - a +0 robe (worn)
Jewellery
 e - a +6 ring of strength (left hand)
Scrolls
 b - a scroll of fog {unknown}
 d - a scroll of vulnerability {unknown}
 f - a scroll of identify
 h - a scroll of teleportation {unknown}
Potions
 g - a potion of enlightenment {unknown}
 i - a potion of attraction {unknown}

Dungeon Overview and Level Annotations

Branches:
Dungeon (2/15)

Altars:

Annotations:
D:2 Natasha


Message History

A rat comes into view.
You shoot an arrow. The arrow hits the rat.
You kill the rat!
You see here a rat corpse.
You open the door.
Found a stone staircase leading up.
Enter note:
Enter note:
Found a stone staircase leading down.
There is an open door here.
Found a short sword.
There is a stone staircase leading up here.
You now have 115 gold pieces (gained 8).
You open the door.
A kobold comes into view. It is wielding a +0 whip of flaming.
Enter note:
Enter note:
Enter note:
Enter note: You shoot an arrow.
The arrow hits the kobold.
You kill the kobold!
There is an open door here.
Things that are here:
a +0 whip of flaming; 2 stones; a kobold corpse Natasha, Servant of Life and Death comes into view.
You shoot an arrow. The arrow hits Natasha!
Natasha hisses angrily.
Natasha is heavily wounded.
You shoot an arrow. The arrow hits Natasha.
Natasha is severely wounded.
Natasha casts a spell at you. The magic dart hits you!
You shoot an arrow. The arrow closely misses Natasha.
Natasha completely misses you.
You shoot an arrow. The arrow barely misses Natasha.
Natasha claws you!
You shoot an arrow. The arrow closely misses Natasha.
Natasha claws you.
You die...
Natasha curls up and begins to purr.

..####.......##
##########.%..# ..#
#........#.......# #.#### ..#
#........#.......# #.# ..#
#........#.......######.# ..#
#........#.......##.....#
..####.%...(..#.......##.#####
..............+.......##.#
#####.........#..h....##.#
###....^....##@#.. #.#
#...%.#.######.#..#. #.#
#.....#.# #)# ...##.#
#.....+.# #.# ..##.# #.)...###
#.# #.##.# ###[....# ###'##
#..#.#
...####.######....###..#'##
...# #...........+...>...#
...# ########....#.......#


You could see Natasha.

Vanquished Creatures
  3 dart slugs
  5 ball pythons (D:1)
  3 endoplasms
  2 giant cockroaches (D:1)
  3 goblins (D:1)
  2 hobgoblins
  6 kobolds
  2 quokkas (D:1)
  5 bats (D:1)
  A frilled lizard (D:2)
  7 rats
39 creatures vanquished.

Notes
Turn   | Place    | Note
-------+----------+-------------------------------------------
     0 | D:1      | qw the Spriggan Hunter began the quest for the Orb.
     0 | D:1      | Reached XP level 1. HP: 10/10 MP: 2/2
     0 | D:1      | 0 ||| qw: Version: 0.3-a-155-g5e7d8dd
     0 | D:1      | 0 ||| qw: Game counter: 1398
     0 | D:1      | 0 ||| qw: Melee chars always use a shield: true
     0 | D:1      | 0 ||| qw: God list: Okawaru
     0 | D:1      | 0 ||| qw: Allow faded altars: false
     0 | D:1      | 0 ||| qw: Do Orc after clearing Dungeon:15 true
     0 | D:1      | 0 ||| qw: Do second Lair branch before Depths: true
     0 | D:1      | 0 ||| qw: Lair rune preference: random
     0 | D:1      | 0 ||| qw: Goals: Normal
     0 | D:1      | 0 ||| PLANNING D:1-11
    20 | D:1      | Reached skill level 3 in Dodging
    59 | D:1      | Reached XP level 2. HP: 14/14 MP: 3/3
   209 | D:1      | HP: 3/14 [goblin/+0 club (2)]
   210 | D:1      | HP: 1/14 [quokka (2)]
   564 | D:1      | Reached XP level 3. HP: 18/18 MP: 4/4
   675 | D:1      | Found a faded altar of an unknown god.
   788 | D:1      | 788 ||| UPGRADING to +6 ring of strength.
   789 | D:1      | 789 ||| READING 2 scrolls labelled RYJIAH HYRAY.
   789 | D:1      | 789 ||| IDENTIFYING metallic coppery potion
   790 | D:1      | 790 ||| DROPPING scroll of butterflies.
   791 | D:1      | 791 ||| DROPPING potion of brilliance.
  1054 | D:2      | Noticed Natasha
  1058 | D:2      | HP: 4/18 [Natasha (7)]
  1059 | D:2      | Slain by Natasha

Levels and vault maps discovered:
D:1:      roderic_octagonal_star, layout_loops_cross,
          shapermc_ecumenical_altar_petra, dreamdust_mushroom_princess
D:2:      layout_basic, uniq_natasha

Skill      XL: |  1  2 |
---------------+-------+-----
Dodging        | 3 4 |  4.0
Fighting       | |  1.5
Ranged Weapons | |  4.8
Stealth        | |  1.5

Action                     || total
---------------------------++-------
   Fire: Shortbow          ||   119
    Use: Scroll            ||     1
 Armour: Robe              ||    22
  Dodge: Dodged            ||    70

Table legend:
 A = Non-vault XP
 B = Vault XP
 C = Vault XP percentage of total XP
 D = Non-vault monster count
 E = Vault monster count
 F = Vault count percentage of total count
                 A         B        C        D         E       F
            +---------+---------+-------+---------+---------+-------
      Total |      68 |       0 |   0.0 |      39 |       0 |   0.0
            +---------+---------+-------+---------+---------+-------
        D:1 |      52 |       0 |   0.0 |      29 |       0 |   0.0
        D:2 |      16 |       0 |   0.0 |      10 |       0 |   0.0
            +---------+---------+-------+---------+---------+-------
